 Dungeon Crawl Stone Soup version 0.30-a0-1161-g0704695555 (webtiles) character file.

Game seed: 12679220954444369738

294 cheesebisquit the Trooper (level 6, -5/58 HPs)
             Began as a Draconian Fire Elementalist on Apr 27, 2023.
             Slain by a small abomination (9 damage)
             ... on level 1 of the Abyss.
             The game lasted 00:12:06 (4729 turns).

cheesebisquit the Trooper (DrFE)                    Turns: 4729, Time: 00:12:07

Health: -5/58      AC:  7    Str: 10    XL:     6   Next: 11%
Magic:  2/9        EV: 12    Int: 17    God:
Gold:   121        SH:  0    Dex: 12    Spells: 8/9 levels left

rFire   . . .        l - +4 dagger (venom)
rCold   . . .        (no shield)
rNeg    . . .        (body armour unavailable)
rPois   .            (helmet restricted)
rElec   .            (no cloak)
rCorr   .            (no gloves)
SInv    .            y - +0 pair of boots
Will    .....        (no amulet)
Stlth   ++           (no ring)
HPRegen 0.29/turn    (no ring)
MPRegen 0.11/turn

%: no passive effects
@: about to teleport, hasted, very quick
A: AC +6, unfitting armour, cold-blooded
a: no special abilities


You were on level 1 of the Abyss.
You visited 1 branch of the dungeon, and saw 5 of its levels.
You visited the Abyss 1 time.

You collected 197 gold pieces.
You spent 76 gold pieces at shops.

Inventory:

Hand Weapons
 g - a +0 rapier of venom
 l - a +4 dagger of venom (weapon)
 x - a +0 flail
 z - a +2 falchion of holy wrath
Missiles
 b - 2 poisoned darts
 u - 4 boomerangs
Armour
 h - a +0 kite shield
 y - a +0 pair of boots (worn)
Magical Staves
 s - a staff of poison
Wands
 q - a wand of flame (13)
Scrolls
 c - a scroll of silence {unknown}
 d - a scroll of vulnerability {unknown}
 e - a scroll of blinking {unknown}
 k - a scroll of teleportation
 o - a scroll of torment {unknown}
 v - a scroll of immolation {unknown}
Potions
 f - a potion of experience {unknown}
 i - a potion of flight {unknown}
 j - a potion of degeneration {unknown}
 m - 2 potions of magic
 n - a potion of invisibility {unknown}
 p - a potion of haste
 r - a potion of mutation {unknown}
 t - a potion of attraction {unknown}
 w - a potion of might {unknown}
 A - a potion of brilliance {unknown}


   Skills:
 + Level 6.6 Fighting
 - Level 1.7 Dodging
 - Level 1.7 Stealth
 - Level 2.0 Spellcasting
 - Level 1.0 Conjurations
 - Level 3.0 Fire Magic


You had 8 spell levels left.
You knew the following spells:

 Your Spells              Type           Power      Damage    Failure   Level
a - Foxfire               Conj/Fire      32%        2x1d5     9%          1

Your spell library contained the following spells:

 Spells                   Type           Power      Damage    Failure   Level
 Scorch                   Fire           22%        2d5       9%          2
 Cigotuvi's Dreadful Rot  Necr/Pois/Air  2%         N/A       28%         2
 Ensorcelled Hibernation  Hex/Ice        2%         N/A       28%         2
 Poisonous Vapours        Pois/Air       2%         N/A       28%         2
 Inner Flame              Hex/Fire       6%         N/A       30%         3
 Volatile Blastmotes      Fire/Tloc      12%        2d11      30%         3
 Ignite Poison            Fire/Tmut/Pois 5%         N/A       36%         3
 Mephitic Cloud           Conj/Pois/Air  2%         N/A       45%         3
 Spider Form              Tmut/Pois      1%         N/A       50%         3
 Flame Wave               Conj/Fire      8%         2d5       63%         4
 Anguish                  Hex/Necr       0%         N/A       88%         4
 Freezing Cloud           Conj/Ice/Air   1%         6-21      99%         5


Dungeon Overview and Level Annotations

Branches:
Dungeon (5/15)
 Temple: D:4-7

Altars:
Makhleb
Qazlal
Vehumet
Zin

Shops:
D:4 [


Innate Abilities, Weirdness & Mutations

Your plain brown scales are hard. (AC +6)
You cannot fit into any form of body armour.
You are cold-blooded and may be slowed by cold attacks.


Message History

Your tail-slap misses the small abomination.
The small abomination is lightly damaged.
A small abomination comes into view.
The small abomination hits you but does no damage.
You closely miss the small abomination.
The small abomination is lightly damaged.
The small abomination hits you!
The small abomination attacks as you move away!
The small abomination closely misses you.
The small abomination attacks as you move away!
The small abomination hits you!
The small abomination attacks as you move away!
The small abomination hits you!!
* * * LOW HITPOINT WARNING * * *
As you read the scroll labelled RULURU WEOKK, it crumbles to dust.
You feel strangely unstable.
You feel the power of the Abyss delaying your translocation!
It was a scroll of teleportation.
A wretched star comes into view.
The small abomination barely misses you.
The small abomination attacks as you move away!
The small abomination hits you but does no damage.
The small abomination attacks as you move away!
The small abomination hits you.
* * * LOW HITPOINT WARNING * * *
It was a potion of curing.
You feel better.
An ancient zyme comes into view.
You feel yourself growing ill in the presence of the ancient zyme.
The small abomination barely misses you.
You feel better.
The small abomination barely misses you.
The ancient zyme hits you.
* * * LOW HITPOINT WARNING * * *
The ancient zyme hits you!
* * * LOW HITPOINT WARNING * * *
It was a potion of haste.
You feel yourself speed up. The ancient zyme barely misses you.
The ancient zyme hits you but does no damage.
The small abomination hits you!
You die...

### .. # .# ## #
# . ##x# . ###.
##@# .. .... #
#x#..#
....##.x#.### .
.. ..*.....#### .
# ....##.....
.##.. . . . . .
#.#..#.#...... .
.....#........#
..#.####..#..##..
.. ........#...##


You could see an ancient zyme and 2 small abominations.

Vanquished Creatures
  An iron imp (Abyss:1)
  A hound (D:2)
  Natasha (twice) (D:2)
  2 orc wizards (D:4)
  Robin (D:2)
  4 gnolls (D:4)
  An adder (D:2)
  A worm (D:5)
  4 orcs
  6 ball pythons
  3 bats
  4 endoplasms
  2 giant cockroaches
  11 goblins
  13 hobgoblins
  2 quokkas (D:1)
  3 frilled lizards (D:1)
  8 kobolds
  5 rats
74 creatures vanquished.

Vanquished Creatures (others)
  213 foxfires
213 creatures vanquished.

Grand Total: 287 creatures vanquished

Notes
Turn   | Place    | Note
-------+----------+-------------------------------------------
     0 | D:1      | cheesebisquit the Draconian Fire Elementalist began the
                  | quest for the Orb.
     0 | D:1      | Reached XP level 1. HP: 14/14 MP: 3/3
   192 | D:1      | Reached skill level 1 in Fighting
   294 | D:1      | Reached XP level 2. HP: 15/24 MP: 1/5
   296 | D:1      | Reached skill level 2 in Fighting
  1079 | D:2      | Reached skill level 3 in Fighting
  1079 | D:2      | Reached XP level 3. HP: 31/31 MP: 3/6
  1142 | D:2      | Noticed Robin
  1149 | D:2      | Reached skill level 4 in Fighting
  1428 | D:2      | Reached XP level 4. HP: 40/40 MP: 3/7
  1436 | D:2      | Killed Robin
  1999 | D:2      | Noticed Natasha
  2004 | D:2      | Killed Natasha
  2044 | D:2      | Noticed Natasha
  2053 | D:2      | Killed Natasha
  2054 | D:2      | Reached skill level 5 in Fighting
  2211 | D:2      | Reached XP level 5. HP: 48/48 MP: 3/8
  3892 | D:4      | Reached skill level 6 in Fighting
  4157 | D:4      | Found Loixurer's Antique Armour Shop.
  4165 | D:4      | Bought a pair of boots for 76 gold pieces
  4309 | D:4      | Found a stormy altar of Qazlal.
  4311 | D:4      | Found a burning altar of Makhleb.
  4312 | D:4      | Found a glowing silver altar of Zin.
  4313 | D:4      | Found a radiant altar of Vehumet.
  4534 | D:5      | Entered Level 5 of the Dungeon
  4599 | Abyss:1  | Cast into level 1 of the Abyss (gnoll)
  4685 | Abyss:1  | Reached XP level 6. HP: 38/58 MP: 0/9
  4717 | Abyss:1  | Noticed a small abomination
  4723 | Abyss:1  | Noticed a wretched star
  4725 | Abyss:1  | HP: 1/58 [small abomination (5)]
  4726 | Abyss:1  | Noticed an ancient zyme
  4729 | Abyss:1  | Slain by a small abomination

Illustrated notes

Levels and vault maps discovered:
D:1:      heliophobic_arrival_battle_scene, layout_basic
D:2:      layout_basic, roderic_roman_lattice, uniq_natasha, uniq_robin
D:3:      layout_basic
D:4:      layout_cave_pools, minitemple, serial_shops, shop
D:5:      layout_gridville
Abyss:1:  base:
D:4

Skill      XL: |  1  2  3  4  5 |
---------------+----------------+-----
Fighting       | 1 3 4 5 6 |  6.6
Dodging        | |  1.7
Stealth        | |  1.7
Spellcasting   | |  2.0
Conjurations   | |  1.0
Fire Magic     | |  3.0

Action                     |  1- 3 |  4- 6 || total
---------------------------+-------+-------++-------
  Melee: Short sword       |    14 |       ||    14
         Tailslap          |     4 |    12 ||    16
         Rapier            |    12 |     5 ||    17
         Dagger            |       |    62 ||    62
         Punch             |       |     1 ||     1
   Cast: Foxfire           |    40 |    89 ||   129
    Use: Potion            |     1 |     3 ||     4
         Scroll            |       |     1 ||     1
 Armour: Skin              |    10 |    23 ||    33
  Dodge: Dodged            |    24 |    70 ||    94

Table legend: (Time is in decaauts)
 A = Elapsed time spent in this place.
 B = Non-inter-level travel time spent in this place.
 C = Inter-level travel time spent in this place.
 D = Time resting spent in this place.
 E = Time spent auto-exploring this place.
 F = Levels seen in this place.
 G = Mean time per level.
                   A        B        C        D        E       F      G
               +--------+--------+--------+--------+--------+-----+--------+
         Total |   4732 |   4468 |    264 |      0 |   3871 |   6 |  788.7 |
       Dungeon |   4602 |   4338 |    264 |      0 |   3807 |   5 |  920.4 |
         Abyss |    129 |    129 |      0 |      0 |     64 |   1 |  129.0 |
               +--------+--------+--------+--------+--------+-----+--------+

Top non-repeatable levels by time:
     D:3: 1422 daAuts
     D:1: 1232 daAuts
     D:2: 1208 daAuts
     D:4: 675 daAuts
 Abyss:1: 129 daAuts
     D:5: 64 daAuts
